[gd_scene load_steps=6 format=2]

[ext_resource path="res://encounters/base/AlienShipEncounter.tscn" type="PackedScene" id=1]
[ext_resource path="res://props/Crew.tscn" type="PackedScene" id=2]
[ext_resource path="res://props/Human.tscn" type="PackedScene" id=3]
[ext_resource path="res://props/AlienSpaceStation.tscn" type="PackedScene" id=4]
[ext_resource path="res://encounters/common/CastawayOnTheAlienStation.gd" type="Script" id=5]

[node name="CastawayOnTheAlienStation" instance=ExtResource( 1 )]
script = ExtResource( 5 )
travelScreenScene = ExtResource( 4 )
travelScreenText = "A weird-looking space station..."

[node name="Crew" type="YSort" parent="." index="5"]
visible = false

[node name="Crew" parent="Crew" index="0" instance=ExtResource( 2 )]
position = Vector2( 223.823, 588.925 )

[node name="Crew2" parent="Crew" index="1" instance=ExtResource( 2 )]
position = Vector2( 387.326, 658.771 )

[node name="Crew3" parent="Crew" index="2" instance=ExtResource( 2 )]
position = Vector2( 433.36, 490.507 )

[node name="Human" parent="." index="6" instance=ExtResource( 3 )]
visible = false
position = Vector2( 866.72, 573.051 )
